 Dungeon Crawl Stone Soup version 0.31-a0-496-g6f97920a28 (webtiles) character file.

Game seed: 14982378177409294243

336 randomguy2701 the Magician (level 6, 0/32 HPs)
             Began as a Deep Elf Necromancer on Aug 9, 2023.
             Was an Initiate of Kikubaaqudgha.
             Slain by Duvessa
             ... wielding a +0 short sword
              (11 damage)
             ... on level 4 of the Dungeon.
             The game lasted 00:04:07 (2581 turns).

randomguy2701 the Magician (Deep Elf Necromancer)   Turns: 2581, Time: 00:04:09

Health: 0/32       AC:  2    Str:  5    XL:     6   Next: 28%
Magic:  12/18      EV: 12    Int: 22    God:    Kikubaaqudgha [......]
Gold:   229        SH:  0    Dex: 15    Spells: 18/19 levels left

rFire   . . .        (no weapon)
rCold   . . .        (no shield)
rNeg    . . .        a - +0 robe
rPois   .            (no helmet)
rElec   .            (no cloak)
rCorr   .            (no gloves)
SInv    .            (no boots)
Will    .....        (no amulet)
Stlth   ++           e - ring of wizardry
HPRegen 0.25/turn    (no ring)
MPRegen 0.16/turn

%: wizardry (x1)
@: no status effects
A: no striking features
a: Renounce Religion


You were on level 4 of the Dungeon.
You worshipped Kikubaaqudgha.
Kikubaaqudgha was noncommittal.
You visited 1 branch of the dungeon, and saw 4 of its levels.

You collected 229 gold pieces.

Inventory:

Armour
 a - a +0 robe (worn)
Jewellery
 e - a ring of wizardry (left hand)
Scrolls
 c - a scroll of fear {unknown}
 d - 3 scrolls of identify {unknown}
 g - 3 scrolls of enchant armour {unknown}
 h - a scroll of teleportation {unknown}
 k - a scroll of immolation {unknown}
 n - a scroll of acquirement {unknown}
 r - a scroll of blinking {unknown}
Potions
 b - 2 potions of magic
 f - a potion of lignification {unknown}
 i - 2 potions of curing {unknown}
 j - a potion of berserk rage {unknown}
 l - a potion of attraction {unknown}
 m - 2 potions of invisibility {unknown}
 o - a potion of enlightenment {unknown}
 p - a potion of heal wounds {unknown}
 q - a potion of haste {unknown}


   Skills:
 + Level 0.1 Fighting
 + Level 2.5 Dodging
 + Level 2.6 Stealth
 + Level 7.0 Spellcasting
 + Level 6.9 Necromancy


You had 18 spell levels left.
You knew the following spells:

 Your Spells              Type           Power      Damage    Failure   Level
a - Necrotise             Necr           100%       1d9       1%          1

Your spell library contained the following spells:

 Spells                   Type           Power      Damage    Failure   Level
 Vampiric Draining        Necr           38%        2d8       1%          3
 Animate Dead             Necr           38%        N/A       1%          4
 Agony                    Necr           38%        N/A       5%          5


Dungeon Overview and Level Annotations

Branches:
Dungeon (4/15)
 Temple: D:4-7

Altars:
Kikubaaqudgha

Shops:
D:3 :

Annotations:
D:4 Duvessa


Message History

Dowan is nearby!
Dowan shouts!
Dowan writhes in agony!
Dowan points at you and mumbles some strange words.
The puff of flame hits you!
You hear a shout!
Dowan writhes in agony!
Duvessa, Sister of Dowan comes into view.
She is wielding a +0 short sword.
Duvessa writhes in agony.
Duvessa writhes in agony.
Dowan writhes in agony!
You kill Dowan!
Kikubaaqudgha accepts your kill.
You hear a distant scream of rage.
The dead are walking!
Your Spellcasting skill increases to level 7!
You can't see any susceptible monsters within range! (Use Z to cast anyway.) Duvessa is nearby!
You can't see any susceptible monsters within range! (Use Z to cast anyway.) Duvessa goes berserk!
Duvessa hits Dowan with a +0 short sword!
Dowan hits Duvessa but does no damage.
Duvessa hits Dowan with a +0 short sword!
Duvessa hits Dowan with a +0 short sword!
Dowan is destroyed!
Duvessa rages.
Casting: Necrotise (safe; 1% risk of failure)
Confirm with . or Enter, or press ? or * to list all spells.
Aiming: Necrotise (safe; 1% risk of failure)
Press: ? - help, Shift-Dir - straight line, f - Duvessa
Aim: Duvessa, wielding a +0 short sword and wearing a +0 ring mail (lightly wounded, berserk, chance to affect: 70%) Duvessa writhes in agony.
Duvessa hits you with a +0 short sword.
Unknown command.
Casting: Necrotise (safe; 1% risk of failure)
Confirm with . or Enter, or press ? or * to list all spells.
Aiming: Necrotise (safe; 1% risk of failure)
Press: ? - help, Shift-Dir - straight line, f/p - Duvessa
Aim: Duvessa, wielding a +0 short sword and wearing a +0 ring mail (lightly wounded, berserk, chance to affect: 70%) Duvessa struggles to resist.
Duvessa hits you with a +0 short sword! x2
You die...
Kikubaaqudgha rasps: "You have failed me!
Welcome... death!"

#...# ##....###...
#...##.....#
#.........##
#..........# ##
######.....## .# ##
##.....##.. .# #..#
#.......... .###
#..#####eS#####...
...#### #.......@##
... .#....###........#
.. ####......######.##
# ###...## #..## #.
##..# ##..# ... ##..##
#..## ..). ##....#
##..#...# #####.....##
###...#
##.....###.#####.....#


You could see Duvessa (berserk) and a ball python.

Vanquished Creatures
  Sigmund (D:2)
  Dowan (D:4)
  An iguana (D:4)
  5 adders
  3 orcs (D:3)
  7 bats
  6 endoplasms
  2 giant cockroaches
  7 goblins
  9 hobgoblins
  4 kobolds
  2 quokkas (D:1)
  7 ball pythons
  5 rats
60 creatures vanquished.

Vanquished Creatures (collateral kills)
  A ball python (D:1)
  2 goblins
  A frilled lizard (D:1)
4 creatures vanquished.

Grand Total: 64 creatures vanquished

Notes
Turn   | Place    | Note
-------+----------+-------------------------------------------
     0 | D:1      | randomguy2701 the Deep Elf Necromancer began the quest for
                  | the Orb.
     0 | D:1      | Reached XP level 1. HP: 10/10 MP: 6/6
     1 | D:1      | Noticed an electric eel
    57 | D:1      | Reached skill level 5 in Necromancy
   181 | D:1      | Reached XP level 2. HP: 15/15 MP: 4/8
   578 | D:1      | Reached XP level 3. HP: 19/19 MP: 7/10
   795 | D:1      | Found a faded altar of an unknown god.
   885 | D:2      | Noticed Sigmund
   892 | D:2      | Killed Sigmund
   893 | D:2      | Reached skill level 5 in Spellcasting
   893 | D:2      | Reached XP level 4. HP: 12/24 MP: 3/13
   893 | D:2      | Reached XP level 5. HP: 14/28 MP: 3/15
  1682 | D:3      | Reached skill level 6 in Spellcasting
  1762 | D:3      | Found an ancient bone altar of Kikubaaqudgha.
  1777 | D:3      | Became a worshipper of Kikubaaqudgha
  1857 | D:3      | Found Qiqao's Book Shoppe.
  2358 | D:4      | Reached XP level 6. HP: 32/32 MP: 12/17
  2563 | D:4      | Noticed Dowan
  2567 | D:4      | Noticed Duvessa
  2569 | D:4      | Killed Dowan
  2570 | D:4      | Reached skill level 7 in Spellcasting
  2581 | D:4      | Slain by Duvessa

Illustrated notes

Levels and vault maps discovered:
D:1:      arrival_aquarium_a, layout_rooms,
          shapermc_ecumenical_altar_flowoftime, minmay_pentomino_w2
D:2:      layout_loops_ring, uniq_sigmund
D:3:      minmay_angry_zag, layout_basic, kiku_gazebo_garden_becter,
          serial_shops, shop
D:4:      layout_layer_cave, uniq_duvessa, uniq_crazy_yiuf_cottage, uniq_grinder

Skill      XL: |  1  2  3  4  5  6 |
---------------+-------------------+-----
Necromancy     | 5 6 |  6.9
Spellcasting   | 5 6 7 |  7.0
Fighting       | |  0.1
Dodging        | |  2.5
Stealth        | |  2.6

Action                     |  1- 3 |  4- 6 || total
---------------------------+-------+-------++-------
  Melee: Unarmed           |     1 |     1 ||     2
   Cast: Necrotise         |    47 |    73 ||   120
 Armour: Robe              |     5 |     3 ||     8
  Dodge: Dodged            |    11 |    16 ||    27

Table legend: (Time is in decaauts)
 A = Elapsed time spent in this place.
 B = Non-inter-level travel time spent in this place.
 C = Inter-level travel time spent in this place.
 D = Time resting spent in this place.
 E = Time spent auto-exploring this place.
 F = Levels seen in this place.
 G = Mean time per level.
                   A        B        C        D        E       F      G
               +--------+--------+--------+--------+--------+-----+--------+
         Total |   2580 |   2435 |    145 |      0 |   2113 |   4 |  645.0 |
       Dungeon |   2580 |   2435 |    145 |      0 |   2113 |   4 |  645.0 |
               +--------+--------+--------+--------+--------+-----+--------+

Top non-repeatable levels by time:
     D:1: 859 daAuts
     D:2: 796 daAuts
     D:3: 647 daAuts
     D:4: 276 daAuts
